 Dungeon Crawl Stone Soup version 0.29.0-11-gd7f09526c8 (webtiles) character file.

Game seed: 9154673181664014826

29 greasedhog the Sneak (level 2, -2/26 HPs)
             Began as a Demigod Delver on Sept 4, 2022.
             Killed from afar by a white imp (9 damage)
             ... with a puff of frost
             ... on level 5 of the Dungeon.
             The game lasted 00:00:26 (183 turns).

greasedhog the Sneak (Demigod Delver)                Turns: 183, Time: 00:00:26

Health: -2/26      AC:  3    Str: 13    XL:     2   Next: 81%
Magic:  4/4        EV: 11    Int: 12    God:
Gold:   0          SH:  0    Dex: 15    Spells: 1/1 levels left

rFire   . . .      SeeInvis .   a - +0 hand axe
rCold   . . .      Faith    .   (no shield)
rNeg    . . .      Spirit   .   b - +0 leather armour
rPois   .          Reflect  .   (no helmet)
rElec   .          Harm     .   (no cloak)
rCorr   .          Rampage  .   (no gloves)
Will    .....                   (no boots)
Stlth   +++.......              (no amulet)
HPRegen 0.08/turn               (no ring)
MPRegen 0.09/turn               (no ring)

@: hasted, very quick
A: high MP 1, forlorn, divine attributes
a: no special abilities


You were on level 5 of the Dungeon.
You visited 1 branch of the dungeon, and saw 1 of its levels.

Inventory:

Hand Weapons
 a - a +0 hand axe (weapon)
Armour
 b - a +0 leather armour (worn)
Wands
 g - a wand of digging (3)
Scrolls
 c - a scroll of fog
 d - a scroll of magic mapping
 e - a scroll of fear
 h - a scroll of poison {unknown}


   Skills:
 * Level 3.3 Fighting
 * Level 2.5 Axes
 - Level 1.7 Dodging
 - Level 4.5 Stealth


You had one spell level left.
You didn't know any spells.
Your spell library was empty.

Dungeon Overview and Level Annotations

Branches:
Dungeon (5/15)
 Temple: D:4-7


Innate Abilities, Weirdness & Mutations

You have an increased reservoir of magic. (+10% MP)
You shall have no god before yourself.
Your divine heritage dramatically boosts your attributes as you level up.


Message History

The hound is moderately wounded.
The hound bites you but does no damage. x2
You hit the hound.
The hound is severely wounded.
The hound barely misses you.
You hit the hound.
The hound is almost dead.
The hound bites you. The hound bites you but does no damage.
You hit the hound.
You kill the hound!
Your Fighting skill increases to level 3!
Your Axes skill increases to level 2!
You have reached level 2!
You start resting.
An adder comes into view.
A white imp comes into view.
You see here a scroll labelled ZUGEOPS SUOD.
h - a scroll labelled ZUGEOPS SUOD The white imp shouts!
You hear an angry hiss.
A kobold demonologist comes into view. It is wielding a +0 dagger.
The white imp gestures at you. The puff of frost hits you!
The white imp gestures at you. The puff of frost misses you.
You closely miss the white imp. The white imp misses you.
You hit the white imp.
The white imp is heavily wounded.
You hear an angry hiss.
The white imp hits you. The white imp freezes you.
You completely miss the white imp.
The white imp is heavily wounded.
The white imp hits you. The white imp freezes you.
* * * LOW HITPOINT WARNING * * *
You closely miss the white imp.
The white imp is heavily wounded.
The white imp completely misses you. The white imp closely misses you.
You feel yourself speed up. The white imp gestures at you.
The puff of frost hits you!
You die...

#....# . #....# ..
#....###...
#..$.......
##+#.#######..........
....5...5.###.........
.K...####..##.........
... ##.##.#####... .
..#####..#@# .
.........5.####
......###.....#
......#######.####
..... ...........##
..... ##.......(..#
.... #.#####.#..# ....
.. #.#..# #.#..# .


You could see a white imp.

Vanquished Creatures
  A hound (D:5)
1 creature vanquished.

Notes
Turn   | Place    | Note
-------+----------+-------------------------------------------
     0 | D:5      | greasedhog the Demigod Delver began the quest for the Orb.
     0 | D:5      | Reached XP level 1. HP: 18/18 MP: 3/3
    20 | D:5      | Noticed a hound
    31 | D:5      | Killed a hound
    32 | D:5      | Reached XP level 2. HP: 14/26 MP: 4/4
   166 | D:5      | Noticed a kobold demonologist
   183 | D:5      | Killed from afar by a white imp

Illustrated notes

Levels and vault maps discovered:
D:5:      layout_basic, nicolae_shop_gadgets

Skill      XL: |  1 |
---------------+----+-----
Fighting       | 3 |  3.3
Axes           | 2 |  2.5
Dodging        | |  1.7
Stealth        | |  4.5

Action                   || total
-------------------------++-------
Melee: Hand axe          ||    10
  Use: Potion            ||     1
Armor: Leather armour    ||     5
Dodge: Dodged            ||     7
